 Dungeon Crawl Stone Soup version 0.31-a0-236-g9a0961fb85 (webtiles) character file.

Game seed: 15747569754045157297

140 qw the Shooter (level 5, -19/42 HPs)
             Began as a Minotaur Hexslinger on July 9, 2023.
             Demolished by an ogre
             ... wielding a +0 giant club
              (25 damage)
             ... on level 4 of the Dungeon.
             The game lasted 00:00:59 (2183 turns).

qw the Shooter (Minotaur Hexslinger)                Turns: 2183, Time: 00:01:00

Health: -19/42     AC:  7    Str: 12    XL:     5   Next: 2%
Magic:  5/5        EV: 11    Int: 10    God:
Gold:   90         SH:  0    Dex: 15    Spells: 5/6 levels left

rFire   . . .        Y - +2 sling
rCold   . . .        (no shield)
rNeg    . . .        e - +0 ring mail
rPois   .            (helmet restricted)
rElec   .            c - +0 cloak
rCorr   .            d - +0 pair of gloves
SInv    .            (no boots)
Will    .....        g - amulet of the acrobat
Stlth   +            (no ring)
HPRegen 0.27/turn    (no ring)
MPRegen 0.09/turn

%: acrobat
@: lethally poisoned (-19 -> -25)
A: horns 2, retaliatory headbutt
a: no special abilities


You were on level 4 of the Dungeon.
You visited 1 branch of the dungeon, and saw 4 of its levels.

You collected 177 gold pieces.
You spent 87 gold pieces at shops.


Innate Abilities, Weirdness & Mutations

You have a pair of horns on your head.
You reflexively headbutt those who attack you in melee.


   Skills:
 + Level 2.4 Fighting
 - Level 5.2 Ranged Weapons
 - Level 1.0 Armour
 - Level 2.1 Dodging
 - Level 1.0 Spellcasting
 - Level 2.0 Hexes


You had 5 spell levels left.
You knew the following spells:

 Your Spells              Type           Power      Damage    Failure   Level
a - Slow                  Hex            16%        N/A       34%         1

Your spell library contained the following spells:

 Spells                   Type           Power      Damage    Failure   Level
 Inner Flame              Hex/Fire       2%         N/A       83%         3
 Portal Projectile        Hex/Tloc       4%         N/A       83%         3
 Cause Fear               Hex            2%         N/A       98%         4

Inventory:

Hand Weapons
 Y - a +2 sling (weapon)
Armour
 c - a +0 cloak (worn)
 d - a +0 pair of gloves (worn)
 e - a +0 ring mail (worn)
Jewellery
 g - an amulet of the acrobat (around neck)
Scrolls
 a - a scroll of identify
Potions
 f - a potion of enlightenment
 i - a potion of curing {unknown}

Dungeon Overview and Level Annotations

Branches:
Dungeon (4/15)
 Temple: D:4-7

Altars:
Hepliaklqana

Shops:
D:3 *

Annotations:
D:3 2 transporters, qw's ghost, amateur MiHs


Message History

Enter note: You shoot a sling bullet.
The sling bullet hits the ball python.
You kill the ball python!
Found a hazy altar of Hepliaklqana.
Enter note:
Enter note:
Enter note: An ogre comes into view. It is wielding a +0 giant club.
The ogre shouts!
Enter note:
Enter note:
Enter note:
Enter note:
Enter note:
Enter note: A kobold comes into view. It is wielding a +0 dagger of venom.
The kobold shouts!
You shoot a sling bullet. The sling bullet hits the ogre.
The ogre is lightly wounded.
The ogre hits you with a +0 giant club!
You shoot a sling bullet. The sling bullet hits the ogre.
The ogre is moderately wounded.
The ogre hits you with a +0 giant club!
You shoot a sling bullet. The sling bullet hits the ogre.
The ogre is moderately wounded.
The ogre barely misses you.
You shoot a sling bullet. The sling bullet hits the ogre.
The ogre is heavily wounded.
You shoot a sling bullet. The sling bullet hits the ogre.
The ogre is severely wounded.
The ogre misses you. The kobold hits you but does no damage.
You are lethally poisoned!
You shoot a sling bullet. The sling bullet hits the ogre.
The ogre is severely wounded.
You feel very sick. The kobold completely misses you. You furiously retaliate!
You headbutt the kobold.
The ogre hits you with a +0 giant club!!
Ouch! That really hurt!
You die...

##### #######.#.### ####
# .....¤#..##P####..# ##
....P.O@¤.#.##....## #.
.#..P.PKP#.####....# ##.
#.......P¤¤¤.P#....###..
.....P.._P.¤.P.........#
......PP.¤¤P#.###.####..
.......¤...P### ### #..
.....PP...PP.# ##.
.....P...P.P.# #.
....#...### ######


You could see an ogre and a kobold.

Vanquished Creatures
  An orc priest (D:4)
  4 adders
  5 orcs
  8 ball pythons
  5 bats
  3 endoplasms
  4 giant cockroaches
  8 goblins
  8 hobgoblins
  5 jackals
  A frilled lizard (D:2)
  8 kobolds
  4 rats
64 creatures vanquished.

Notes
Turn   | Place    | Note
-------+----------+-------------------------------------------
     0 | D:1      | qw the Minotaur Hexslinger began the quest for the Orb.
     0 | D:1      | Reached XP level 1. HP: 16/16 MP: 1/1
     0 | D:1      | 0 ||| qw: Version: 0.3-a-51-g015441d
     0 | D:1      | 0 ||| qw: Game counter: 4447
     0 | D:1      | 0 ||| qw: Melee chars always use a shield: true
     0 | D:1      | 0 ||| qw: God list: Okawaru
     0 | D:1      | 0 ||| qw: Allow faded altars: false
     0 | D:1      | 0 ||| qw: Do Orc after clearing Dungeon:15 true
     0 | D:1      | 0 ||| qw: Do second Lair branch before Depths: true
     0 | D:1      | 0 ||| qw: Lair rune preference: random
     0 | D:1      | 0 ||| qw: Goals: Normal
     0 | D:1      | 0 ||| PLANNING D:1-11
   114 | D:1      | Found a faded altar of an unknown god.
   139 | D:1      | Reached skill level 3 in Ranged Weapons
   139 | D:1      | Reached XP level 2. HP: 23/23 MP: 2/2
   359 | D:1      | 359 ||| FLEEEEING.
   360 | D:1      | 360 ||| FLEEEEING.
   361 | D:1      | 361 ||| FLEEEEING.
   362 | D:1      | 362 ||| FLEEEEING.
   364 | D:1      | 364 ||| FLEEEEING.
   681 | D:1      | 681 ||| UPGRADING to +0 ring mail.
   691 | D:1      | 691 ||| DROPPING +0 robe.
   692 | D:1      | 692 ||| UPGRADING to amulet of the acrobat.
   697 | D:1      | 697 ||| READING 2 scrolls labelled QUIHACVYKARPH.
   698 | D:1      | 698 ||| READING scroll labelled RUBASCHA LIMIH.
   699 | D:1      | 699 ||| DROPPING scroll of poison.
   743 | D:2      | Reached XP level 3. HP: 29/29 MP: 3/3
   852 | D:2      | Reached skill level 4 in Ranged Weapons
   993 | D:2      | Reached skill level 1 in Armour
  1304 | D:2      | 1304 ||| UPGRADING to +0 cloak.
  1309 | D:2      | 1309 ||| UPGRADING to +0 pair of gloves.
  1314 | D:2      | 1314 ||| READING scroll labelled NYREMO XUMOXT.
  1315 | D:2      | 1315 ||| READING 2 scrolls labelled ATABROISAW.
  1316 | D:2      | 1316 ||| DROPPING scroll of vulnerability.
  1362 | D:3      | Found a transporter.
  1445 | D:3      | Reached XP level 4. HP: 36/36 MP: 4/4
  1491 | D:3      | Found Ytuitaq's Assorted Antiques.
  1497 | D:3      | 1497 ||| SHOPLISTING encrusted glass wand (116 gold, have
                  | 104).
  1497 | D:3      | 1497 ||| BUYING scroll labelled XATRUO FUYDY (29 gold).
  1497 | D:3      | Bought a scroll labelled XATRUO FUYDY for 29 gold pieces
  1497 | D:3      | 1497 ||| BUYING scroll of identify (58 gold).
  1497 | D:3      | Bought a scroll of identify for 58 gold pieces
  1626 | D:3      | Noticed qw's ghost (amateur MiHs)
  1639 | D:3      | Found a transporter.
  1808 | D:3      | 1808 ||| DROPPING amulet of magic regeneration.
  1809 | D:3      | 1809 ||| READING scroll labelled XATRUO FUYDY.
  1810 | D:3      | 1810 ||| READING scroll labelled MIWUL POVAORCHE.
  1814 | D:3      | 1814 ||| READING 2 scrolls of identify.
  1814 | D:3      | 1814 ||| IDENTIFYING cyan potion
  1857 | D:4      | HP: 9/36 [orc priest/+0 whip (2)]
  1860 | D:4      | Reached skill level 5 in Ranged Weapons
  2053 | D:4      | Reached XP level 5. HP: 34/42 MP: 5/5
  2054 | D:4      | 2054 ||| FLEEEEING.
  2055 | D:4      | 2055 ||| FLEEEEING.
  2056 | D:4      | 2056 ||| FLEEEEING.
  2057 | D:4      | 2057 ||| FLEEEEING.
  2058 | D:4      | 2058 ||| FLEEEEING.
  2059 | D:4      | 2059 ||| FLEEEEING.
  2060 | D:4      | 2060 ||| FLEEEEING.
  2061 | D:4      | 2061 ||| FLEEEEING.
  2062 | D:4      | 2062 ||| FLEEEEING.
  2063 | D:4      | 2063 ||| FLEEEEING.
  2064 | D:4      | 2064 ||| FLEEEEING.
  2065 | D:4      | 2065 ||| FLEEEEING.
  2066 | D:4      | 2066 ||| FLEEEEING.
  2067 | D:4      | 2067 ||| FLEEEEING.
  2068 | D:4      | 2068 ||| FLEEEEING.
  2069 | D:4      | 2069 ||| FLEEEEING.
  2070 | D:4      | 2070 ||| FLEEEEING.
  2071 | D:4      | 2071 ||| FLEEEEING.
  2072 | D:4      | 2072 ||| STAIRDANCE
  2152 | D:4      | Found a hazy altar of Hepliaklqana.
  2172 | D:4      | Noticed an ogre
  2179 | D:4      | HP: 9/42 [ogre/+0 giant club (16)]
  2183 | D:4      | Demolished by an ogre

Levels and vault maps discovered:
D:1:      mrwooster_arrival_statue_2, layout_basic,
          nicolae_ecumenical_snake_handling
D:2:      layout_basic
D:3:      layout_rooms, gammafunk_ghost_stat_death, serial_shops,
          nicolae_shop_trees, st_stairs_7, chequers_serial_rivers_micro_e
D:4:      layout_cave_pods, nicolae_overflow_crystal_walls,
          nicolae_hepliaklqana_hazy_memory

Skill      XL: |  1  2  3  4 |
---------------+-------------+-----
Ranged Weapons | 3 4 5 |  5.2
Fighting       | 2 |  2.4
Armour         | 1 |  1.0
Dodging        | |  2.1
Spellcasting   | |  1.0
Hexes          | |  2.0

Action                     |  1- 3 |  4- 6 || total
---------------------------+-------+-------++-------
   Fire: Sling             |   136 |    59 ||   195
    Use: Scroll            |     4 |     3 ||     7
 Armour: Robe              |     6 |       ||     6
         Ring mail         |    12 |    11 ||    23
  Dodge: Dodged            |    44 |    31 ||    75

Table legend:
 A = Non-vault XP
 B = Vault XP
 C = Vault XP percentage of total XP
 D = Non-vault monster count
 E = Vault monster count
 F = Vault count percentage of total count
                 A         B        C        D         E       F
            +---------+---------+-------+---------+---------+-------
      Total |     195 |       6 |   3.0 |      61 |       3 |   4.7
            +---------+---------+-------+---------+---------+-------
        D:1 |      35 |       4 |  10.3 |      22 |       2 |   8.3
        D:2 |      55 |       0 |   0.0 |      19 |       0 |   0.0
        D:3 |      30 |       2 |   6.2 |      10 |       1 |   9.1
        D:4 |      75 |       0 |   0.0 |      10 |       0 |   0.0
            +---------+---------+-------+---------+---------+-------
